 Dungeon Crawl Stone Soup version 0.17-a0-1733-ge90ece9 (webtiles) character file.

35 Magnus the Chiller (level 3, 24/24 HPs)
             Began as a Mummy Ice Elementalist on Aug 30, 2015.
             Quit the game on level 1 of the Dungeon.
             The game lasted 00:10:43 (2193 turns).

Magnus the Chiller (Mummy Ice Elementalist)         Turns: 2193, Time: 00:10:43

Health: 24/24      AC:  2    Str: 11    XL:     3   Next: 17%
Magic:  7/7        EV: 12    Int: 15    God:
Gold:   51         SH:  0    Dex: 12    Spells: 1 memorised, 6 levels left

rFire  x . .     SeeInvis .     f - +2 dagger (elec)
rCold  + . .     Clarity  .     a - +0 robe
rNeg   + + +     SustAt   .     (no shield)
rPois  ∞         Gourm    .     (no helmet)
rElec  .         Spirit   .     (no cloak)
rCorr  .         Warding  .     (no gloves)
rMut   .         Stasis   .     (no boots)
MR     .....                    (no amulet)
Stlth  ++........               (no ring)
                                (no ring)

@: not resistant to hostile enchantments, unstealthy
A: no food or potions, fire vulnerability, cold resistance 1, negative energy
resistance 3, torment resistance, unbreathing
a: no special abilities


You were on level 1 of the Dungeon.
You were not hungry.

You visited 1 branch of the dungeon, and saw 1 of its levels.

You collected 51 gold pieces.

Inventory:

Hand weapons
 f - a +2 dagger of electrocution (weapon)
Armour
 a - a +0 robe (worn)
 g - a +0 leather armour
Jewellery
 d - a cursed ring of loudness {unknown}
Scrolls
 c - a scroll of random uselessness {unknown}
 e - a scroll of enchant armour {unknown}
 h - a scroll of identify {unknown}
Books
 b - a book of Frost

   Spells                             Type                      Level
   a - Freeze                         Ice                          1
   b - Throw Frost                    Conjuration/Ice              2
   c - Ozocubu's Armour               Charms/Ice                   3
   d - Throw Icicle                   Conjuration/Ice              4
   e - Summon Ice Beast               Ice/Summoning                4
   f - Condensation Shield            Ice                          4


   Skills:
 - Level 1.5 Dodging
 - Level 1.5 Stealth
 + Level 2.7 Spellcasting
   Level 0.7 Conjurations
 + Level 3.0 Ice Magic


You had 6 spell levels left.
You knew the following spells:

 Your Spells              Type           Power        Failure   Level  Hunger
a - Freeze                Ice            ##..         8%          1    N/A

Dungeon Overview and Level Annotations

Branches:
Dungeon (1/15)

Altars:


Innate Abilities, Weirdness & Mutations

You do not eat or drink.
Your flesh is vulnerable to fire.
You are immune to poison.
Your flesh is cold resistant.
You are immune to negative energy.
You are immune to unholy pain and torment.
You can survive without breathing.


Message History

You see here a club.
There is an open door here.
You see here a short sword.
There is an open door here.
Done exploring.
Done exploring.
Done exploring.
You start waiting.
Done waiting.
There is an open door here.
Memorise Ozocubu's Armour, consuming 3 spell levels and leaving 3?
Okay, then.
Unknown command.
Unknown command.
Assign waypoint to what number? (0-9)
Okay, then.
Are you sure you want to abandon this character and quit the game? (Confirm with "yes".)
Okay, then.
Unknown command.
Are you sure you want to abandon this character and quit the game? (Confirm with "yes".)

....##.....#.#......#
#...#####
....########.#......#
#...# ....####
#.#....!.# #...# ###
.......# #........#
#...# #..
.......######.......#
#...# #..
#!##...#...##.......#
##### #..
#.##...#...###.#.####
#.. #.##...#...###.#.#
#.. '..........'....@#
#..
#.##.......####..######
#.. #)##....####
##.>##...# ###
...####.#
#......#.###########
...####'###
#....###..........#.
...#......####....#
#..≈≈≈≈..8.#.
...#..............#
#..........#.
####..............#
#####.######. #
#...........#.##
####'######.


There were no monsters in sight!

Vanquished Creatures
  A giant gecko (D:1)
  A ball python (D:1)
  4 goblins (D:1)
  4 hobgoblins (D:1)
  6 jackals (D:1)
  7 kobolds (D:1)
  3 bats (D:1)
  3 giant newts (D:1)
  2 rats (D:1)
31 creatures vanquished.

Notes
Turn   | Place    | Note
--------------------------------------------------------------
     0 | D:1      | Magnus the Mummy Ice Elementalist began the quest for the Orb.
     0 | D:1      | Reached XP level 1. HP: 13/13 MP: 3/3
   498 | D:1      | Reached XP level 2. HP: 19/19 MP: 3/5
  1468 | D:1      | Reached XP level 3. HP: 24/24 MP: 2/7
  1522 | D:1      | Reached skill level 3 in Ice Magic
  2193 | D:1      | Quit the game

Vault maps used:
D:1:      dpeg_arrival_rooms_c

Action                   || total
-------------------------++-------
Melee: Unarmed           ||    44
       Dagger            ||     2
 Cast: Freeze            ||    50
